 Dungeon Crawl Stone Soup version 0.22.1-1-ga44c0e5 (webtiles) character file.

45 Fang the Skirmisher (level 3, -9/23 HPs)
             Began as a Gargoyle Berserker on Oct 24, 2018.
             Was a Follower of Trog.
             Shot with an arrow by a centaur (13 damage)
             ... on level 2 of the Dungeon.
             The game lasted 00:00:49 (980 turns).

Fang the Skirmisher (Gargoyle Berserker)             Turns: 980, Time: 00:00:49

Health: -9/23      AC:  5    Str: 21    XL:     3   Next: 64%
Magic:  3/3        EV: 12    Int:  7    God:    Trog [*.....]
Gold:   109        SH:  0    Dex:  9    Spells: 2/2 levels left

rFire    . . .     SeeInvis .   a - +0 hand axe
rCold    . . .     Gourm    .   (no shield)
rNeg     + . .     Faith    .   b - +0 animal skin
rPois    ∞         Spirit   .   (no helmet)
rElec    +         Reflect  .   (no cloak)
rCorr    .         Harm     .   (no gloves)
MR       .....                  (no boots)
Stlth    +.........             (no amulet)
HPRegen  0.07/turn              (no ring)
MPRegen  0.08/turn              (no ring)

@: no status effects
A: negative energy resistance 1, electricity resistance, unbreathing,
petrification resistance, rot immunity, AC +3
a: Berserk, Renounce Religion


You were on level 2 of the Dungeon.
You worshipped Trog.
Trog was aware of your devotion.
You were not hungry.

You visited 1 branch of the dungeon, and saw 2 of its levels.

You collected 109 gold pieces.

Inventory:

Hand Weapons
 a - a +0 hand axe (weapon)
Armour
 b - a +0 animal skin (worn)
Jewellery
 h - an uncursed ring of flight {unknown}
 i - an uncursed ring of resist corrosion {unknown}
Scrolls
 e - 2 scrolls of enchant weapon {unknown}
 k - a scroll of teleportation {unknown}
 l - a scroll of remove curse {unknown}
 m - a scroll of identify {unknown}
Potions
 d - a potion of might {unknown}
 f - 2 potions of lignification {unknown}
 g - 2 potions of flight {unknown}
 j - a potion of agility {unknown}
Comestibles
 c - 4 rations


   Skills:
 + Level 3.6 Fighting
 + Level 3.4 Axes
 + Level 2.6 Armour
 + Level 2.0 Dodging


You had 2 spell levels left.
You didn't know any spells.
Your spell library was empty.

Dungeon Overview and Level Annotations

Branches:
Dungeon (2/15)

Altars:


Innate Abilities, Weirdness & Mutations

You are resistant to torment.
Your stone body is resilient. (AC +3)
You are immune to poison.
You resist negative energy. (rN+)
You are resistant to electric shocks. (rElec)
You can survive without breathing.
You are immune to petrification.
You are immune to rotting.


Message History

m - a scroll labeled GITWI ROYHUXUE A centaur comes into view.
The centaur wields a shortbow.
The centaur shoots an arrow.
The arrow barely misses you.
You see here an arrow.
A centaur is nearby!
A centaur is nearby!
A centaur is nearby!
The centaur shoots an arrow.
The arrow hits you.
You see here an arrow.
A bat comes into view.
The centaur shoots an arrow.
The arrow hits you!
The centaur shoots an arrow.
The arrow closely misses you.
You see here an arrow.
The bat hits you but does no damage.
The centaur shoots an arrow.
The arrow hits you!
* * * LOW HITPOINT WARNING * * *
The centaur shoots an arrow.
The arrow hits you!
Ouch! That really hurt!
You die...

#.# #.# ## #.# ..
#.#.##### #. .#
#######.#.....#
#.#..
.....b..#####.###
#.###
>###.......(....#
#.# #
.....c.@.((##.#.#
#.# #
.###.#####.##.#.#
#.### #.##.#.#
#.##.
..##.#.####....
####.#<##...##.
#[.......###
###.........
#.......)#
##......##


You could see a centaur and a bat.

Vanquished Creatures
  2 adders (D:2)
  2 dart slugs
  2 goblins
  3 hobgoblins
  4 jackals (D:2)
  2 kobolds
  3 bats (D:1)
  2 frilled lizards
  A quokka skeleton (D:2)
  4 rats
25 creatures vanquished.

Notes
Turn   | Place    | Note
-------+----------+-------------------------------------------
     0 | D:1      | Fang the Gargoyle Berserker began the quest for the Orb.
     0 | D:1      | Reached XP level 1. HP: 14/14 MP: 1/1
   398 | D:1      | Reached XP level 2. HP: 19/19 MP: 2/2
   716 | D:2      | Reached XP level 3. HP: 23/23 MP: 3/3
   976 | D:2      | Noticed a centaur
   980 | D:2      | Shot with an arrow by a centaur

Skill      XL: |  1  2  3 |
---------------+----------+-----
Axes           | 3 |  3.4
Dodging        | 2 |  2.0
Fighting       | |  3.6
Armour         | |  2.6

Action                   || total
-------------------------++-------
Melee: Hand axe          ||    66
Invok: Berserk           ||     1
  Eat: Chunk             ||     1
Armor: Animal skin       ||    38
Dodge: Dodged            ||    54
